 Dungeon Crawl Stone Soup version 0.31-a0-1066-g35875b34c7 (webtiles) character file.

Game seed: 6968084790948285964

14416 BinkBink the Fighter (level 11, -6/108 HPs)
             Began as a Minotaur Monk on Nov 22, 2023.
             Was a High Priest of Okawaru.
             Mangled by a meliai
             ... wielding a +0 broad axe
              (11 damage)
             ... on level 12 of the Dungeon.
             The game lasted 00:11:14 (9039 turns).

BinkBink the Fighter (Minotaur Monk)                Turns: 9039, Time: 00:11:15

Health: -6/108     AC: 17    Str: 33    XL:     11   Next: 88%
Magic:  10/10      EV: 11    Int:  7    God:    Okawaru [*****.]
Gold:   430        SH:  0    Dex: 12    Spells: 10/10 levels left

rFire   . . .        a - +0 hand axe
rCold   . . .        d - orb {light}
rNeg    . . .        p - +0 chain mail
rPois   .            (helmet restricted)
rElec   .            J - +0 cloak
rCorr   .            m - +0 pair of gloves
SInv    .            B - +0 pair of boots
Will    .....        y - amulet of regeneration Stlth
                     I - +6 ring of strength
HPRegen 1.18/turn    N - +6 ring of strength
MPRegen 0.12/turn

%: no passive effects
@: lethally poisoned (-6 -> -14), about to teleport, glowing, studying
Translocations
A: horns 2, retaliatory headbutt
a: Renounce Religion, Heroism, Finesse, Duel


You were on level 12 of the Dungeon.
You worshipped Okawaru.
Okawaru was extremely pleased with you.
You visited 2 branches of the dungeon, and saw 13 of its levels.

You collected 575 gold pieces.
You spent 145 gold pieces at shops.

Inventory:

Hand Weapons
 a - a +0 hand axe (weapon)
Missiles
 A - a silver javelin
Armour
 d - an orb of light (worn)
 m - a +0 pair of gloves (worn)
 p - a +0 chain mail (worn)
 B - a +0 pair of boots (worn)
 J - a +0 cloak (worn)
Jewellery
 y - an amulet of regeneration (around neck)
 I - a +6 ring of strength (left hand)
 N - a +6 ring of strength (right hand)
Wands
 t - a wand of charming (11)
 z - a wand of flame (57)
 E - a wand of polymorph (8)
 L - a wand of mindburst (15)
 O - a wand of iceblast (4)
Scrolls
 f - 8 scrolls of identify
 h - 4 scrolls of enchant armour {unknown}
 i - a scroll of acquirement {unknown}
 j - 2 scrolls of enchant weapon {unknown}
 k - 7 scrolls of teleportation
 n - a scroll of noise {unknown}
 o - a scroll of fog {unknown}
 r - 4 scrolls of blinking {unknown}
 s - a scroll of revelation {unknown}
 w - 2 scrolls of vulnerability {unknown}
 C - a scroll of amnesia {unknown}
 F - a scroll of fear {unknown}
 K - 4 scrolls of immolation {unknown}
Potions
 b - 4 potions of brilliance {unknown}
 c - 3 potions of ambrosia
 e - 4 potions of curing
 g - a potion of heal wounds
 l - 2 potions of lignification {unknown}
 q - 2 potions of degeneration {unknown}
 u - a potion of haste {unknown}
 v - 3 potions of mutation {unknown}
 x - a potion of invisibility {unknown}
 D - a potion of attraction {unknown}
 G - 2 potions of cancellation {unknown}
 H - a potion of magic {unknown}
 M - a potion of might {unknown}


   Skills:
 + Level 13.9 Fighting
 + Level 13.7 Axes
 + Level 13.2 Armour
 - Level 3.2 Dodging


You had 10 spell levels left.
You didn't know any spells.
Your spell library contained the following spells:

 Spells                   Type           Power      Damage    Failure   Level
 Hailstorm                Conj/Ice       0%         3d3       98%         3
 Passage of Golubria      Tloc           0%         N/A       100%        4
 Silence                  Hex/Air        0%         N/A       100%        5
 Lehudib's Crystal Spear  Conj/Erth      0%         10d2      100%        8
 Summon Ice Beast         Ice/Summ       Unusable   N/A       N/A         4
 Simulacrum               Ice/Necr       Unusable   N/A       N/A         6

Dungeon Overview and Level Annotations

Branches:
Dungeon (12/15)            Temple (1/1) D:4            Lair (0/5) D:9
    Orc (0/2) D:12

Altars:
Ashenzari
Cheibriados
Dithmenos
Elyvilon
Fedhas
Gozag
Hepliaklqana
Kikubaaqudgha
Makhleb
Nemelex Xobeh
Okawaru
Qazlal
Ru
Sif Muna
Trog
Uskayaw
Vehumet
Wu Jian
Xom
Yredelemnul
Zin
The Shining One

Shops:
D:2 (   D:8 (   D:9 *   D:12 *

Annotations:
D:6 1 runed translucent door, Crazy Yiuf


Innate Abilities, Weirdness & Mutations

You have a pair of horns on your head.
You reflexively headbutt those who attack you in melee.


Message History

The meliai calls down the wrath of its god upon you.
Something smites you! The killer bee misses you.
You hear an angry buzzing noise.
You slash the killer bee!
The killer bee is almost dead.
You barely miss the killer bee.
You feel sick. The killer bee barely misses you. You furiously retaliate!
You headbutt the killer bee.
You kill the killer bee!
Okawaru accepts your kill.
The killer bee stings you but does no damage.
The meliai rages.
The killer bee barely misses you. You furiously retaliate!
You headbutt the killer bee!!
You kill the killer bee!
Okawaru accepts your kill.
You feel better. The meliai closely misses you.
The meliai stings you but does no damage.
The meliai hits you with a +0 broad axe.
The meliai stings you but does no damage.
You closely miss the meliai.
The meliai hits you with a +0 broad axe!
The meliai closely misses you.
You hit the meliai but do no damage.
The meliai hits you with a +0 broad axe!
* * * LOW HITPOINT WARNING * * *
The meliai stings you.
* * * LOW HITPOINT WARNING * * *
You are poisoned.
The meliai poisons you! The meliai hits you but does no damage.
The meliai closely misses you.
You slash the meliai!
The meliai is moderately wounded.
You feel very sick.
The meliai hits you with a +0 broad axe!
* * * LOW HITPOINT WARNING * * *
The meliai stings you.
* * * LOW HITPOINT WARNING * * *
The meliai hits you with a +0 broad axe!
You die... ...#.....######## y! )..#####........# y!y ...# #........# yyyy

...# #........#yyy.†
..†#####.....y..yyyy!.
..††.....##...y##..
###########..yyy###
..........+....#y#
###########....#@# .#
#..........††# .#
#..........###
.####..........#
...###.....###.# .#
.......##### #.# .#
##...#.# #.#######.#
.#..##.#######.#.......#
###>..................##


You could see 2 meliai and 2 killer bees.

Vanquished Creatures
  A centaur warrior (D:12)
  3 two-headed ogres
  2 boulder beetles
  Pikel (D:7)
  A gargoyle (D:11)
  An unseen horror (D:12)
  A rime drake (D:9)
  A komodo dragon (D:10)
  3 trolls
  Sigmund (D:3)
  A shadow (D:10)
  3 wyverns
  3 wraiths
  21 yaks
  A steam dragon (D:8)
  2 acid dragons (D:12)
  A water moccasin (D:6)
  Duvessa (D:6)
  5 ice beasts
  An orc warrior (D:9)
  2 ogres (D:5)
  2 wolves (D:9)
  3 lemures (D:7)
  14 centaurs
  A kobold brigand (D:6)
  2 phantoms (D:6)
  5 bullfrogs
  3 scorpions
  Dowan (D:6)
  13 killer bees (D:12)
  A howler monkey (D:10)
  4 hounds
  An orc priest (D:9)
  2 jellies
  2 gnoll boudas
  2 sleepcaps (D:5)
  4 iguanas
  3 orc wizards
  4 adders
  8 gnolls
  3 white imps
  4 ufetubi
  A worm (D:5)
  3 dart slugs (D:4)
  13 orcs
  10 ball pythons
  2 endoplasms
  A giant cockroach (D:1)
  3 goblins
  4 hobgoblins
  A jackal (D:5)
  8 kobolds
  3 quokkas
  9 bats
  4 frilled lizards
  6 rats
206 creatures vanquished.

Notes
Turn   | Place    | Note
-------+----------+-------------------------------------------
     0 | D:1      | BinkBink the Minotaur Monk began the quest for the Orb.
     0 | D:1      | Reached XP level 1. HP: 19/19 MP: 0/0
   151 | D:1      | Reached skill level 1 in Armour
   151 | D:1      | Reached XP level 2. HP: 12/27 MP: 1/1
   463 | D:1      | Reached XP level 3. HP: 29/33 MP: 2/2
   845 | D:2      | Found a faded altar of an unknown god.
   912 | D:2      | Found Hamn's Weapon Shoppe.
  1241 | D:3      | Reached XP level 4. HP: 41/41 MP: 3/3
  1462 | D:3      | Noticed Sigmund
  1486 | D:3      | Killed Sigmund
  1487 | D:3      | Reached skill level 5 in Fighting
  1487 | D:3      | Reached skill level 5 in Axes
  1487 | D:3      | Reached XP level 5. HP: 40/48 MP: 4/4
  1526 | D:3      | Found an ornate altar of the Wu Jian Council.
  1529 | D:3      | Found a stormy altar of Qazlal.
  2077 | D:4      | Reached XP level 6. HP: 55/56 MP: 5/5
  2238 | D:4      | Found a staircase to the Ecumenical Temple.
  2392 | Temple   | Entered the Ecumenical Temple
  2632 | D:5      | Entered Level 5 of the Dungeon
  2836 | D:5      | Noticed an ice beast
  2856 | D:5      | Killed an ice beast
  2857 | D:5      | Reached skill level 5 in Armour
  2857 | D:5      | Reached XP level 7. HP: 40/64 MP: 6/6
  3018 | D:5      | Noticed a wraith
  3031 | D:5      | Killed a wraith
  3265 | D:5      | Reached XP level 8. HP: 71/73 MP: 7/7
  3772 | D:6      | Noticed Duvessa
  3773 | D:6      | Noticed Dowan
  3782 | D:6      | Killed Duvessa
  3788 | D:6      | Killed Dowan
  3930 | D:6      | Reached XP level 9. HP: 83/83 MP: 8/8
  4042 | D:6      | Found a runed translucent door.
  4043 | D:6      | Noticed Crazy Yiuf
  4275 | D:7      | Found a basalt altar of Yredelemnul.
  4382 | D:7      | Noticed Pikel
  4399 | D:7      | Killed Pikel
  4484 | D:7      | Found a hazy altar of Hepliaklqana.
  4547 | D:7      | Found a bloodstained altar of Trog.
  4711 | D:7      | Found an iron altar of Okawaru.
  4873 | D:7      | Became a worshipper of Warmaster Okawaru
  4873 | D:7      | Reached * piety under Okawaru
  4873 | D:7      | Reached ** piety under Okawaru
  4973 | D:8      | Found Doarannu's Weapon Shoppe.
  5118 | D:8      | Reached skill level 10 in Fighting
  5131 | D:8      | Noticed a cyclops
  5131 | D:8      | Noticed a boulder beetle
  5131 | D:8      | Noticed a death knight
  5140 | D:8      | Noticed a fire crab
  5141 | D:8      | Noticed a red ugly thing
  5142 | D:8      | Noticed a centaur warrior
  5153 | D:8      | Reached skill level 10 in Axes
  5165 | D:8      | Noticed a salamander
  5406 | D:8      | Noticed a wolf spider
  5408 | D:8      | a wolf spider changed into an ice dragon
  5408 | D:8      | Noticed an ice dragon (shapeshifter)
  5420 | D:8      | Noticed a harpy
  5466 | D:8      | Noticed a radroach
  5493 | D:8      | Noticed a manticore
  5495 | D:8      | Noticed a tyrant leech
  5563 | D:8      | Reached *** piety under Okawaru
  5564 | D:8      | Reached XP level 10. HP: 21/94 MP: 9/9
  5568 | D:8      | Reached skill level 10 in Armour
  5776 | D:9      | Found a staircase to the Lair.
  5849 | D:9      | Found Cokkyst's Assorted Antiques.
  5857 | D:9      | Bought a ruby potion for 21 gold pieces
  5857 | D:9      | Bought a clear potion for 21 gold pieces
  5857 | D:9      | Bought a clear potion for 21 gold pieces
  5857 | D:9      | Bought a scroll labelled LETIVA VUGG for 24 gold pieces
  5979 | D:9      | Found a shimmering blue altar of Sif Muna.
  6065 | D:9      | Reached **** piety under Okawaru
  6309 | D:10     | Entered Level 10 of the Dungeon
  6386 | D:10     | Noticed a two-headed ogre
  6597 | D:10     | Found a sacrificial altar of Ru.
  6681 | D:10     | Killed a two-headed ogre
  6851 | D:10     | Reached XP level 11. HP: 32/105 MP: 10/10
  7257 | D:11     | Reached ***** piety under Okawaru
  7490 | D:11     | Identified the +4 ring mail "Waplit" {Rampage rN+ SInv}
  7609 | D:11     | Noticed a two-headed ogre
  7621 | D:11     | Killed a two-headed ogre
  7671 | D:11     | Received a gift from Okawaru
  7777 | D:11     | Noticed a two-headed ogre
  7787 | D:11     | Killed a two-headed ogre
  7823 | D:11     | Noticed a boulder beetle
  7854 | D:11     | Killed a boulder beetle
  8168 | D:12     | Noticed a boulder beetle
  8200 | D:12     | Killed a boulder beetle
  8444 | D:12     | Received a gift from Okawaru
  8499 | D:12     | Found a staircase to the Orcish Mines.
  8634 | D:12     | Noticed a centaur warrior
  8644 | D:12     | Killed a centaur warrior
  8782 | D:12     | Found Taluuh's Assorted Antiques.
  8788 | D:12     | Bought a scroll labelled MUAQANWUCS for 31 gold pieces
  8788 | D:12     | Bought a fuming purple potion for 27 gold pieces
  9039 | D:12     | HP: 5/108 [meliai/+0 broad axe (2)]
  9039 | D:12     | Mangled by a meliai

Illustrated notes

Levels and vault maps discovered:
D:1:      lemuel_arrival_cross, layout_rooms, minmay_liquid_box,
          minmay_split_cup_large
D:2:      layout_loops_ring, nicolae_ecumenical_snake_handling, serial_shops,
          nicolae_shop_hallway_plus, minmay_cut_off
D:3:      layout_basic, nicolae_overflow_squiral, grunt_ministairs_15,
          minmay_misc_feat_columns, uniq_sigmund
D:4:      layout_loops_ring, temple_hall
D:5:      layout_rooms, minmay_manual_moon
D:6:      layout_basic, small_statue_intersection, minmay_checkerbox,
          uniq_duvessa, uniq_crazy_yiuf_cottage
D:7:      layout_loops_ring, worldfamousw_hep_ancestral_shrine,
          mainiacjoe_overflow_tiny_flanked, yredelemnul_altar_generic,
          old_standard_altar, uniq_pikel
D:8:      layout_loops_cross, serial_shops, nicolae_shop_trees, minivault_12
D:9:      layout_long_grid, led_sif_book, hellmonk_lair_entry_icy, serial_shops,
          shop
D:10:     layout_cave_pools, mainiacjoe_overflow_alcove_2, serial_rivers,
          chequers_serial_rivers_micro_b, chequers_serial_rivers_micro_e,
          chequers_serial_rivers_marsh, chequers_serial_rivers_micro_a,
          hangedman_abyss_or_decor_lesser_grid
D:11:     layout_loops_corners
D:12:     layout_basic, orc_0_dummy, special_room [special_room_bee],
          serial_shops, nicolae_shop_overgrown_old_shop, item_on_display_a
Temple:   jpeg_temple_clearing

Skill      XL: |  1  2  3  4  5  6  7  8  9 10 11 |
---------------+----------------------------------+-----
Fighting       | 4 5 6 7 9 10 12 13 | 13.9
Axes           | 4 5 6 7 8 10 12 13 | 13.7
Armour         | 1 2 3 4 5 6 8 9 11 13 | 13.2
Dodging        | |  3.2

Action                     |  1- 3 |  4- 6 |  7- 9 | 10-12 || total
---------------------------+-------+-------+-------+-------++-------
  Melee: Hand axe          |    71 |    70 |   236 |   357 ||   734
         Headbutt          |     8 |    16 |    78 |   122 ||   224
    Use: Potion            |       |       |       |     8 ||     8
         Scroll            |       |       |       |     2 ||     2
 Armour: Robe              |    24 |       |       |       ||    24
         Chain mail        |    20 |    54 |   223 |   304 ||   601
  Dodge: Dodged            |    43 |    38 |   128 |   177 ||   386

Table legend: (Time is in decaauts)
 A = Elapsed time spent in this place.
 B = Non-inter-level travel time spent in this place.
 C = Inter-level travel time spent in this place.
 D = Time resting spent in this place.
 E = Time spent auto-exploring this place.
 F = Levels seen in this place.
 G = Mean time per level.
                   A        B        C        D        E       F      G
               +--------+--------+--------+--------+--------+-----+--------+
         Total |   8930 |   8417 |    513 |    373 |   6657 |  13 |  686.9 |
       Dungeon |   8840 |   8416 |    424 |    373 |   6657 |  12 |  736.7 |
        Temple |     89 |      1 |     88 |      0 |      0 |   1 |   89.0 |
               +--------+--------+--------+--------+--------+-----+--------+

Top non-repeatable levels by time:
    D:11: 987 daAuts
    D:12: 833 daAuts
     D:5: 828 daAuts
     D:4: 808 daAuts
     D:9: 804 daAuts
     D:6: 780 daAuts
     D:8: 729 daAuts
    D:10: 685 daAuts
     D:2: 652 daAuts
     D:7: 640 daAuts
     D:1: 570 daAuts
     D:3: 518 daAuts
  Temple: 89 daAuts
